Cogmind - Beta 16 @@@ ROGUE MODE // 2025.11.15 @ 13:36:24 // Winter2019/RPGLIKE Player: Jaegerpls Result: Destroyed by S-10 Pest with Light Assault Rifle Performance ------------- Evolutions (0) 0 Regions Visited (2) 400 Robots Destroyed (30) 150 Value Destroyed (687) 687 Prototype IDs (12) 240 Alien Tech Used (0) 0 Bonus (0) 0 TOTAL SCORE: 1477 Bonus ------- None Cogmind --------- Core Integrity 0/600 Matter 300/300 Energy 180/180 System Corruption 0% Temperature Cool (0) Movement Hovering (116) Ox1 Location -10/Subcaves Parts ------- > --- POWER (1) -------- Meta Core > --- PROPULSION (2+1) - Hover Unit Hover Unit > --- UTILITY (4+1) ---- Improved Heat Sink Improved Terrain Scanner Targeting Computer Hacking Suite > --- WEAPON (2+1) ----- Beam Cannon Beam Cannon > --- INVENTORY (1) ---- Makeshift Axe Peak State ------------ > --- POWER ------------ Meta Core > --- PROPULSION ------- Hover Unit Hover Unit > --- UTILITY ---------- Improved Heat Sink Improved Terrain Scanner Targeting Computer Hacking Suite > --- WEAPON ----------- Beam Cannon Makeshift Axe > --- INVENTORY -------- Beam Cannon [Rating: 30] Favorites ----------- Power Meta Core Engine Light Ion Engine Power Core Meta Core Propulsion Hover Unit Wheel Wheel Hover Unit Hover Unit Flight Unit Flight Unit Utility Improved Terrain Scanner Device Improved Terrain Scanner Processor Targeting Computer Hackware Hacking Suite Weapon Beam Cannon Energy Gun Small Laser Energy Cannon Beam Cannon Slashing Weapon Makeshift Axe Build | -11 -10 -10 ------- Run | Yrd Mat Sub Slots Evolved 5 | 4 . 1 Power . | . . . Propulsion 1 | 1 . . Utility 3 | 2 . 1 Weapon 1 | 1 . . Parts Attached 26 | 10 13 3 Power 4 | 2 1 1 Engine 3 | 2 1 . Core 1 | . . 1 Reactor . | . . . Propulsion 8 | 3 5 . Treads . | . . . Leg . | . . . Wheel 3 | 3 . . Hover 3 | . 3 . Flight 2 | . 2 . Utility 8 | 3 4 1 Device 5 | 3 1 1 Storage . | . . . Processor 2 | . 2 . Hackware 1 | . 1 . Protection . | . . . Artifact . | . . . Weapon 6 | 2 3 1 Energy Gun 2 | 2 . . Energy Cannon 3 | . 3 . Ballistic Gun . | . . . Ballistic Cannon . | . . . Launcher . | . . . Special Weapon . | . . . Impact Weapon . | . . . Slashing Weapon 1 | . . 1 Piercing Weapon . | . . . Special Melee Weapon . | . . . Unidentified Prototypes . | . . . Parts Lost . | . . . Power . | . . . Propulsion . | . . . Utility . | . . . Weapon . | . . . Highest Loss Streak . | . . . To Critical Strikes . | . . . Average Backups . | . . . Power . | . . . Propulsion . | . . . Utility . | . . . Weapon . | . . . Tool/Special . | . . . Unused Backups . | . . . Power . | . . . Propulsion . | . . . Utility . | . . . Weapon . | . . . Tool/Special . | . . . Average Slot Usage (%) 82 | . 92 80 Engine 4 | . 12 2 Core 5 | . . 6 Hover 17 | . 18 17 Device 16 | . 13 17 Processor 9 | . 13 8 Hackware 7 | . 3 8 Energy Cannon 18 | . 23 17 Peak Build Rating 30 | 12 12 30 Average Rating 21 | 7 10 24 On Entrance 7 | . 9 12 Avg Prop Armor Cover (%) 6 | . 6 . Naked Turns . | . . . Heaviest Build 14 | 10 13 14 Greatest Support 26 | 26 20 12 Greatest Overweight (x) 2 | 1 2 1 Average Overweight (x) . | . . . Largest Inventory Capacity 1 | 1 1 1 Average Capacity 1 | 1 1 1 Most Carried 1 | 1 1 1 Average Carried . | . . . Final Capacity 1 | 1 1 1 Final Carried 1 | . 1 1 Class Distribution -------------------- 84% | Scavenger-Mutant 8% | Mutant 6% | Scavenger-Scout Dominant Class ---------------- Scavenger-Scout | -10/Materials Scavenger-Mutant | -10/Subcaves Resources | -11 -10 -10 ----------- Run | Yrd Mat Sub Matter Collected 490 | 300 150 40 Remotely 141 | 111 30 . Salvage Created 1237 | 135 755 347 Parts 65 | 15 24 26 Haulers Intercepted 2 | . 2 . Recyclers Shooed 6 | . 6 . Parts Field Recycled . | . . . Retrieved Matter . | . . . Parts Self-Destructed 9 | . . 9 Prevented . | . . . Parts Restored . | . . . Kills | -11 -10 -10 ------- Run | Yrd Mat Sub Combat Hostiles Destroyed 14 | . 7 7 Cannons 14 | . 7 7 Classes Destroyed 10 | 3 4 3 Worker 2 | 2 . . Tunneler 3 | 3 . . Hauler 2 | . 2 . Recycler 5 | 1 4 . Operator 1 | . 1 . Watcher 3 | . 3 . Swarmer 1 | . . 1 Grunt 8 | . 7 1 Sentry 1 | . . 1 Subdweller 4 | . . 4 Best Kill Streak 4 | 4 3 2 Combat Bots Only 3 | . 3 2 Max Kills in Single Turn 1 | 1 1 1 Gunslinging . | . . . Exploded . | . . . Melee . | . . . Uniques/NPCs Destroyed . | . . . Combat | -11 -10 -10 -------- Run | Yrd Mat Sub Hostile Shots Fired 127 | . 41 86 Missed 34 | . 11 23 Hits 93 | . 30 63 Projectile 93 | . 30 63 AOE 3 | . . 3 Critical Strikes 5 | . 3 2 Damage Taken 1362 | . 476 886 Core 1124 | . 394 730 Absorbed by Shields . | . . . Redirected to Core 810 | . 288 522 Core Remaining (%) 100 | 100 . . Volleys Fired 136 | 13 70 53 Largest 2 | 2 2 2 Hottest 120 | 80 120 120 Shots Fired 230 | 26 104 100 Gun 26 | 26 . . Cannon 204 | . 104 100 Launcher . | . . . Special . | . . . Kinetic . | . . . Thermal 230 | 26 104 100 Explosive . | . . . Electromagnetic . | . . . Robot Hit Streak 17 | 8 14 17 Robot Miss Streak 4 | 2 2 4 Penetration Max . | . . . Secondary Targets . | . . . Shots Hit Robots 127 | 13 59 55 Core Hits 46 | 7 20 19 Critical Kills . | . . . Critical Parts Destroyed . | . . . Critical Strikes . | . . . Melee Attacks 1 | . . 1 Impact . | . . . Slashing 1 | . . 1 Piercing . | . . . Sneak Attacks . | . . . Combat Hostiles . | . . . Follow-up Attacks . | . . . Damage Inflicted 2136 | 145 1043 948 Guns 145 | 145 . . Cannons 1991 | . 1043 948 Explosions . | . . . Melee . | . . . Ramming . | . . . Kinetic . | . . . Thermal 2136 | 145 1043 948 Explosive . | . . . Electromagnetic . | . . . Impact . | . . . Slashing . | . . . Piercing . | . . . Highest Corruption . | . . . Average Corruption . | . . . Corruption Purged . | . . . Corruption Blocked . | . . . Overload Shots . | . . . Overflow Damage 16 | . 16 . Projectiles 16 | . 16 . Explosions . | . . . Melee . | . . . Knockbacks . | . . . Impact . | . . . Kinetic . | . . . Secondary . | . . . Self-Inflicted Damage . | . . . Shots . | . . . Rammed . | . . . Targets Rammed . | . . . Kicked . | . . . Crushed . | . . . Highest Temperature 363 | . 363 9 Average Temperature 101 | . 101 9 Received Heat Transfer 498 | . 306 192 Effects 2 | . 2 . Energy Bleed 1 | . 1 . Short Circuit 1 | . 1 . Siege Activations . | . . . Martial Activations . | . . . Shielding Activations . | . . . Robots Disrupted . | . . . Combat Hostiles . | . . . Robots Corrupted . | . . . Combat Hostiles . | . . . Parts Fried . | . . . Impact Corruptions . | . . . Robots Melted . | . . . Combat Hostiles . | . . . Parts Melted 8 | . 6 2 Heat Transferred 4506 | 325 2183 1998 Parts Sabotaged . | . . . Parts Stolen . | . . . Parts Stripped . | . . . Power Chain Reactions . | . . . Alert | -11 -10 -10 ------- Run | Yrd Mat Sub Maximum Alert Level . | . . . Low Security (%) 100 | 100 100 . Level 1 . | . . . Level 2 . | . . . Level 3 . | . . . Level 4 . | . . . Level 5 . | . . . High Security . | . . . Max Security . | . . . Peak Influence 144 | 10 144 . Initial . | . . . Average 34 | 2 40 . Influence Increases 498 | 30 378 90 Destroy 0b10 Robot/C 200 | . 140 60 Destroy 0b10 Robot/NC 80 | 30 50 . Destroy Leader 50 | . 50 . Successful Hack 18 | . 18 . Disable Machine 60 | . 60 . Lose Combat Pursuer 90 | . 60 30 Influence Decreases 449 | 30 352 67 Entered New Map 14 | . . 14 Time Decay 294 | 30 211 53 Purge Threat 141 | . 141 . Squads Dispatched 2 | . 2 . Investigation 1 | . 1 . Extermination . | . . . Reinforcement 1 | . 1 . Assault . | . . . Garrison . | . . . Intercept . | . . . Searches Triggered . | . . . Construction Impeded . | . . . Haulers Reinforced . | . . . Active Scanning Responses . | . . . Cargo Convoy Interrupts . | . . . Stealth | -11 -10 -10 --------- Run | Yrd Mat Sub Distress Signals 2 | . 2 . Communications Jammed . | . . . Distress Signals . | . . . Times Spotted 28 | . 17 11 Peak Tracking Total 6 | . 4 6 Tactical Retreats 3 | . 2 1 Traps | -11 -10 -10 ------- Run | Yrd Mat Sub Traps Triggered 2 | . 2 . Indirectly . | . . . Trap Hack Attempts . | . . . Triggered . | . . . Disarmed . | . . . Reprogrammed . | . . . Reused . | . . . Traps Extracted . | . . . Installed . | . . . Triggered . | . . . Machines | -11 -10 -10 ---------- Run | Yrd Mat Sub Machines Disabled 5 | . 4 1 Max in Single Turn 1 | . 1 1 Machines Repaired . | . . . Machines Dismantled . | . . . Machines Sabotaged . | . . . Overloaded Fab Kills . | . . . Hacking | -11 -10 -10 --------- Run | Yrd Mat Sub Machines Accessed 8 | . 6 2 Terminals 5 | . 5 . Fabricators . | . . . Repair Stations . | . . . Recycling Units 1 | . 1 . Scanalyzers . | . . . Garrison Access . | . . . Total Hacks 37 | . 25 12 Successful 24 | . 12 12 Failed 12 | . 12 . Catastrophic 2 | . 2 . Database Lockouts 1 | . 1 . Manual 22 | . 22 . Terminals 22 | . 22 . Fabricators . | . . . Repair Stations . | . . . Recycling Units 3 | . 3 . Scanalyzers . | . . . Garrison Access . | . . . Terminal Hacks 15 | . 3 12 Record 11 | . . 11 Robot Analysis 1 | . 1 . Unreport Threat 2 | . 2 . Proto ID Catalog 1 | . . 1 Fabricator Hacks . | . . . Repair Station Hacks . | . . . Recycling Unit Hacks 1 | . 1 . Report Inventory 1 | . 1 . Scanalyzer . | . . . Garrison Access Hacks . | . . . Unauthorized Hacks 8 | . 8 . Terminals 8 | . 8 . Botnet 2 | . 2 . Operators 1 | . 1 . Skim 5 | . 5 . Fabricators . | . . . Repair Stations . | . . . Recycling Units . | . . . Scanalyzers . | . . . Garrison Access . | . . . Data Cores Recovered . | . . . Used . | . . . Hacking Detections 6 | . 6 . Full Trace Events . | . . . Feedback Events . | . . . Feedback Blocked . | . . . Robot Schematics Acquired . | . . . Robots Built . | . . . Authchips . | . . . Time . | . . . Total Robot Build Rating . | . . . Part Schematics Acquired . | . . . Parts Built . | . . . Authchips . | . . . Time . | . . . Total Part Build Rating . | . . . Part Studies Acquired . | . . . Parts Repaired . | . . . Time . | . . . Parts Recycled . | . . . Recycled Matter . | . . . Retrieved Matter . | . . . Retrieved Components . | . . . Parts Scanalyzed . | . . . Part Schematics Acquired . | . . . Parts Damaged . | . . . Bothacking | -11 -10 -10 ------------ Run | Yrd Mat Sub Used RIF Installer . | . . . Robots Hacked . | . . . Non-combat . | . . . Combat . | . . . Robot Hacks Applied . | . . . Relay Couplers Released . | . . . Fabnet Peak Effective % . | . . . Robots Rewired . | . . . Allies Hacked . | . . . Hacks Repelled . | . . . Allies | -11 -10 -10 -------- Run | Yrd Mat Sub Total Allies . | . . . Largest Group . | . . . Highest-Rated Group . | . . . Highest-Rated Ally . | . . . Total Orders . | . . . Ally Attacks . | . . . Total Damage . | . . . Kills . | . . . Allies Corrupted . | . . . Allies Melted . | . . . Intel | -11 -10 -10 ------- Run | Yrd Mat Sub Active Infowar (turns) 3676 | 77 683 2916 Optics 239 | . 239 . Terrain 3676 | 77 683 2916 Robot Analysis Total 1 | . 1 . Derelict Logs Recovered 1 | . . 1 Drone Launches . | . . . Drone Recoveries . | . . . Exploration | -11 -10 -10 ------------- Run | Yrd Mat Sub Turns Passed 3744 | 145 683 2916 Spaces Moved 1783 | 76 611 1096 Core 3 | 3 . . Treads . | . . . Legs . | . . . Wheels 124 | 73 51 . Hover 1626 | . 530 1096 Flight 30 | . 30 . Fastest Speed 50 | 50 56 56 Average Speed 89 | 88 67 101 Slowest Speed 200 | 100 200 116 Overloaded Moves . | . . . Propulsion Burnouts . | . . . Robots Hopped . | . . . Potential Cave-ins . | . . . Cave-ins Triggered . | . . . Exploration Rate (%) 49 | 5 77 66 Regions Visited 2 Branch Regions 1 Pre-discovered Areas 1 | . . 1 Known Exits Taken 1 | . 1 . Unknown Exits Taken 1 | 1 . . Scrap Searched 4 | . . 4 Spaces Dug . | . . . Terrain Destroyed . | . . . Melee . | . . . Projectile . | . . . AOE . | . . . Terrain Rammed . | . . . Walls Destroyed . | . . . Machines Disabled . | . . . Actions | -11 -10 -10 --------- Run | Yrd Mat Sub Total 3699 | 123 779 2797 Wait 1703 | 22 55 1626 Move 1781 | 75 610 1096 Hop . | . . . Pick Up 2 | . 1 1 Fast Attach 21 | 8 12 1 Attach 1 | . . 1 Detach 2 | . 2 . Swap 7 | 2 3 2 Drop 15 | 3 11 1 Fire 136 | 13 70 53 Melee 1 | . . 1 Ram . | . . . Kick . | . . . Crush . | . . . Escape Stasis . | . . . Rewire . | . . . Trap . | . . . Miscellaneous 30 | . 15 15 Route ------- -11/Scrapyard -10/Materials (discovered 6 exits: *Mat x3 / *Min x2 / *Sub) -10/Subcaves (discovered 3 exits: *Mat x2 / Rec) History --------- Turn | Location | Event 1 | -11/Scrapyard | Upgraded with Propulsion slot (x1) 1 | -11/Scrapyard | Upgraded with Utility slot (x2) 1 | -11/Scrapyard | Upgraded with Weapon slot (x1) 12 | -11/Scrapyard | Discovered new exit (range 14) 146 | -11/Scrapyard | Entered Materials 310 | -10/Materials | Build established: Mutant 516 | -10/Materials | Discovered new exit (range 11) 575 | -10/Materials | Discovered new exit (range 16) 578 | -10/Materials | Central database locked down 594 | -10/Materials | Discovered new exit (range 16) 650 | -10/Materials | Discovered new exit (range 11) 683 | -10/Materials | Identified exit to Materials 683 | -10/Materials | Identified exit to Subcaves 714 | -10/Materials | Learned 2 Mines zone layouts 735 | -10/Materials | Learned 4 Recycling zone layouts 746 | -10/Materials | Learned 4 Recycling zone layouts 747 | -10/Materials | Identified exit to Mines 747 | -10/Materials | Learned location of 1 exit from Materials 748 | -10/Materials | Learned 2 Storage zone layouts 749 | -10/Materials | Learned location of 2 exits from Subcaves 762 | -10/Materials | Learned location of 3 exits from Materials 829 | -10/Materials | Entered Subcaves 830 | -10/Subcaves | Identified exit to Recycling 830 | -10/Subcaves | Identified exit to Materials 831 | -10/Subcaves | Reached level 2 831 | -10/Subcaves | Upgraded with Utility slot (x1) 909 | -10/Subcaves | Build established: Scavenger-Mutant 1027 | -10/Subcaves | Learned location of Zion (-6) 1244 | -10/Subcaves | Visited 4L-MR0's lab 1403 | -10/Subcaves | Shifting Twisted Machinery released Mak. Axe 1447 | -10/Subcaves | Found Meta Core 1448 | -10/Subcaves | Attached Meta Core, gained temporary slots: Propulsion, Utility, Weapon 1532 | -10/Subcaves | Shifting Twisted Machinery released Mak. System Restoration Module 1661 | -10/Subcaves | Visited Clippyterm 1664 | -10/Subcaves | Learned Research machine intel 2062 | -10/Subcaves | Disturbed a concealed Subdweller 2265 | -10/Subcaves | Discovered exit to Materials (range 9) 2754 | -10/Subcaves | Shifting Twisted Machinery released Sub. Laser 2795 | -10/Subcaves | Shifting Twisted Machinery released Sub. Monowheel 3051 | -10/Subcaves | Core integrity fell below 50% 3732 | -10/Subcaves | Core integrity fell below 20% 3745 | -10/Subcaves | Destroyed by S-10 Pest with Light Assault Rifle Last Messages --------------- 02518_ G-34 Mercenary destroyed. 02526_ Aluminum Leg fries itself beyond repair. 02527_ Critical hit (Burn: +37). 02529_ Heat Sink fries itself beyond repair. 02529_ Y-45 Defender destroyed. 02537_ Beam Rifle fries itself beyond repair. Sub. Laser falls loose from the Twisted Machinery. Sub. Monowheel falls loose from the Twisted Machinery. 03014_ DR-DHK(R): "THANKSYOU!" 03043_ Sub. Optics melted. 03043_ YD-Z1R(R) destroyed. 03045_ SP-JLO(R) affixes Scrap Shield Fragment to Scrap Shield. 03046_ Disposable Heat Sink melted. 03046_ DR-DHK(R) destroyed. 03052_ SP-JLO(R) destroyed. 03056_ Used Protomatter to restore core integrity (+54, depleted) 03166_ WG-2PG(u) builds Twisted Machinery. 03733_ S-10 Pest destroyed. 03738_ Lgt. Assault Rifle fries itself beyond repair. 03738_ Flight Unit fries itself beyond repair. Map ----- +----------------------------------------------------+ | ????#??##?#?#### ### ### ##### | | ?????#?####### ## ####### #### | | ?????#???###### ########## ### | | ???#??#?############## ########### ### | | ????#???######>####### ########### ### | | ?????#?###"""" """"## ########## ## | | ???????###" " " "#### ######### ## | | ??????####" "#### ##### ##### ## | | ???????### #### ##### ##### ## | | ???????### #### ######## ### # | | ??????####" "##### ### | | ??????####### ######## ## # | | ??????##?#### ######## " ##" """#" ## | | ??????##?#### ####### " ## " ""#" ## | | ??????####### ###### ###"" " & = # | | ?????######## ##### ## ###" & & *%" | | ??###?####### ##### ##""## # ! & | | ???########### ##### """ ## " | | ??###?###### #### " "" # " " | | ????#?####### ### ##### ## " "# | | #?#???####### #### ##### " | | ???##??###### ### #### # "" """ | | ?"?????###### #### ### "" #""# | | ????###?### ### #### # ##### """ | | ??###?#### ##s=### ## ###### | | ??"??### ### @ ### ####### | | ????## ###s% ### ######## # | | ???### ## ###### ######## # | | # ## ## #### ####### | | #### ### ## ### ### ####### # | | ? ?# ### ######## ####### | | ################ ## ## | | # # ################### # | | #??###### #################### # | | ??#?###?######################## ## # | | ????#??##?############################# ## | | ??????????############################# #### | | ??#???#?#??############################ "##### | | ??????#?################################ " ## | | ????????????############################# # | | ???????##??############################### ## | | ?????????#??#?############?############### ### | | ??????????##???########################## #### | | ????????????#????####?################## ### | | ???????????????????#################### """ ## | | ????????????????????????#???##########" "" | | ????????????????????????????########### = # | | ???????????????????????????##?########### # | | ????????????????????????????############# " < | | ??????????????????????????############### """ | +----------------------------------------------------+ Best States ------------- Heat Dissipation 45 Energy Generation 17 Energy Capacity 250 Matter Stores 300 Matter Capacity 300 Sight Range 18 Robot Scan Range 8 Terrain Scan Range 16 Terrain Scan Density 410 Evasion (%) 53 Targeting Accuracy 5 Offensive Hacking 10 Item Schematics ----------------- None Robot Schematics ------------------ None Fabricated ------------ Nothing Repaired ---------- Nothing Studied --------- None Alien Tech Used ----------------- None Achievements -------------- None Challenges ------------ None RPGLIKE | -11 -10 -10 --------- Run | Yrd Mat Sub Levels Raised 1 | . . 1 XP Earned 5535 | 3000 1235 1300 XP Spent 4490 | 2995 . 1495 Upgrades 15 | 11 . 4 Propulsion Slot 1 | 1 . . Utility Slot 3 | 2 . 1 Weapon Slot 1 | 1 . . Heat Dissipation 1 | 1 . . Inventory Capacity 1 | 1 . . Sensor Range 4 | 2 . 2 Terrain Scan Density 4 | 3 . 1 Protomatter Created 277 | . 115 162 Integrity Restored 641 | . 345 296 Core 524 | . 345 179 Parts 117 | . . 117 Protomatter Decayed 26 | . . 26 Game ------ Seed BiometalSmartbombChainsword Manual? 0 Play Time 00:23:51 Cumulative 54.3 hours Start 2025.11.15 @ 13:05:01 End 2025.11.15 @ 13:36:24 Sessions 1 Manual Loads 0 Difficulty Rogue Special Mode Winter2019/RPGLIKE Game No. 49 Rogue 49 Adventurer 0 Explorer 0 Win Type - Total 0 Types 0/0/0/0/0/0/0/0/0/0 Lore% 49 Gallery% 32 Achievement% 30 Wizard Run 0 Options --------- Layout 0 ASCII 0 Keyboard 0 Movement Mouse Keybinds 0 Fullscreen 2 Font 24/Smallcaps Map View 76x50 Zoom Use 0% Tactical HUD 1 Map Filters NONE Filters NONE Steam 1 RUN: f497e2a5-9b5b-4842-a9cd-2742fc0bbe7e